[Event "Early-Titled-Tuesday-Blitz-October-03-2023"]
[Site "Chess.com"]
[Date "2023.10.03"]
[Round "6"]
[White "LubovMarkelova"]
[Black "ChainedDowntohell"]
[Result "0-1"]
[WhiteElo "2194"]
[BlackElo "2424"]
[TimeControl "180+1"]
[EndTime "9:05:02 PDT"]
[Termination "ChainedDowntohell won by resignation"]

1. e4 c5 2. Nc3 a6 3. Nf3 Nc6 4.
d4 cxd4 5. Nxd4 e5 6. Nb3 Bb4 7. Bd2 Nf6 8. Bd3 d5 9. Nxd5 Nxd5 10. exd5 Qxd5 11. O-O Be6 12. a3 Be7 13. Qe2 O-O 14. Bc3 f6 15. Rad1 Rfd8 16. Bxh7+ Kxh7 17. Rxd5 Bxd5 18. Qh5+ Kg8 19. Nd2 Rd7 20. Qg4 Rad8 21. h4 Bf7 22. Ne4 Nd4 23. h5 Be6 24. Qg6 Bf5 0-1

[Event "Early-Titled-Tuesday-Blitz-October-03-2023"]
[Site "Chess.com"]
[Date "2023.10.03"]
[Round "6"]
[White "Vision_64"]
[Black "LUISMIGUELOV"]
[Result "1-0"]
[WhiteElo "2352"]
[BlackElo "2157"]
[TimeControl "180+1"]
[EndTime "9:05:04 PDT"]
[Termination "Vision_64 won by resignation"]

1. e4 c6 2. d4 d5 3. exd5 cxd5 4.
Bd3 Nc6 5. c3 Qc7 6. Ne2 Bg4 7.
O-O Bxe2 8. Qxe2 e6 9. f4 g6 10. f5 gxf5 11. Bxf5 O-O-O 12. Bh3 Bd6 13. Rxf7 Bxh2+ 14. Kh1 Nge7 15. Qxe6+ Kb8 16. Bg5 Bd6 17. Na3 a6 18.
Re1 Rhe8 19. Nc2 Nc8 20. Rxc7 Rxe6 21. Rxc8+ Rxc8 22. Rxe6 Bg3 23. Re3 Bf2 24. Bxc8 Bxe3 25. Nxe3 Kxc8 26. Nxd5 b5 27. Nf6 b4 28. Nxh7 bxc3 29.
bxc3 a5 30. Nf6 a4 31. Bd2 Kb7 32. g4 Kb6 33. g5 Ne7 34. c4 Kc6 35. Kg2 Ng6 36.
Kg3 Kd6 37. Kg4 Ke6 38. Ne4 1-0

[Event "Early-Titled-Tuesday-Blitz-October-03-2023"]
[Site "Chess.com"]
[Date "2023.10.03"]
[Round "6"]
[White "valemava"]
[Black "Predator0608"]
[Result "0-1"]
[WhiteElo "2278"]
[BlackElo "2469"]
[TimeControl "180+1"]
[EndTime "9:05:06 PDT"]
[Termination "Predator0608 won by checkmate"]

1. e4 c5 2. Nf3 d6 3. g3 Nf6 4. d3 g6 5. Bg2 Bg7 6. O-O O-O 7. c4 Nc6 8. Nc3 e5 9. h3 Nd4 10. Nxd4 cxd4 11. Ne2 Nd7 12. f4 f5 13.
g4 fxg4 14. hxg4 exf4 15. Nxf4 Ne5 16. Bh3 Qh4 17. Qe1 Qxe1 18. Rxe1 Nf3+ 19. Kf2 Nxe1 20. Kxe1 Be5 21. Nd5 Rf3 22. Bg2 Bg3+ 23. Kd1 Rf2 24. Bh3 Rh2 25. Bf1 Bxg4+ 26. Be2 Bxe2+ 27. Kc2 Rf8 28. Kb3 Bd1+ 29. Ka3 Be2 30. Bg5 Bxd3 31. b3 Be5 32.
Re1 h5 33. Be7 Rf7 34. c5 dxc5 35. Bxc5 h4 36. Rg1 Kg7 37. Bxa7 Bd6+ 38. b4 Bc4 39.
Nb6 Rxa2# 0-1

[Event "Early-Titled-Tuesday-Blitz-October-03-2023"]
[Site "Chess.com"]
[Date "2023.10.03"]
[Round "6"]
[White "Sethu0025"]
[Black "GalaxyRoman"]
[Result "1-0"]
[WhiteElo "2862"]
[BlackElo "2716"]
[TimeControl "180+1"]
[EndTime "9:05:13 PDT"]
[Termination "Sethu0025 won by resignation"]

1. d4 Nf6 2. c4 e6 3. Nf3 b6 4.
Nc3 Bb4 5. Bg5 Bb7 6. Nd2 h6 7. Bh4 Bxc3 8. bxc3 d6 9. Qc2 Qe7 10. e4 e5 11. f3 Nc6 12. d5 Na5 13. c5 dxc5 14. c4 O-O-O 15. Be2 g5 16. Bf2 Ne8 17. Nf1 Nd6 18. Ne3 Rhf8 19. O-O Qd7 20. Be1 f5 21. Bxa5 bxa5 22. Qc3 fxe4 23. fxe4 Rf4 24.
Rxf4 exf4 25. Bg4 fxe3 26. Bxd7+ Rxd7 27. e5 Nf5 28. e6 Rd8 29. Qe5 Nd6 30. e7 Re8 31. Rf1 Nxc4 32. Qe6+ Kb8 33. Rf8 Nd6 34. Rxe8+ Nxe8 35. Qg8 1-0

[Event "Early-Titled-Tuesday-Blitz-October-03-2023"]
[Site "Chess.com"]
[Date "2023.10.03"]
[Round "6"]
[White "arenal72"]
[Black "Zavgorodniy_Sergiy"]
[Result "0-1"]
[WhiteElo "2376"]
[BlackElo "2608"]
[TimeControl "180+1"]
[EndTime "9:05:13 PDT"]
[Termination "Zavgorodniy_Sergiy won by resignation"]

1. e4 e5 2. Nf3 d6 3. d4 exd4 4. Nxd4 Nf6 5. Nc3 Be7 6. g3 Bg4 7. f3 Bd7 8. Bg2 c5 9. Nde2 Bc6 10. Nf4 O-O 11. O-O b5 12. b3 Nbd7 13. Bb2 Nb6 14. Re1 Re8 15. Qd2 a5 16. Rad1 a4 17. h4 b4 18.
Ncd5 Bxd5 19. exd5 axb3 20. axb3 Ra2 21. Rb1 Nfd7 22.
Nh5 g6 23. Ng7 Rxb2 24. Rxb2 Kxg7 25. Ra2 Bf6 26. Rxe8 Qxe8 27. Bh3 Qe5 28. Ra7 Qxg3+ 29. Bg2 Bd4+ 30. Kf1 Nxd5 31. Rxd7 Ne3+ 32. Ke2 Qxg2+ 33.
Kd3 Qxf3 0-1

[Event "Early-Titled-Tuesday-Blitz-October-03-2023"]
[Site "Chess.com"]
[Date "2023.10.03"]
[Round "6"]
[White "dennisodessa"]
[Black "AnaKuchava"]
[Result "1-0"]
[WhiteElo "2475"]
[BlackElo "2238"]
[TimeControl "180+1"]
[EndTime "9:05:24 PDT"]
[Termination "dennisodessa won on time"]

1. d4 d5 2. c4 e6 3. Nc3 Be7 4.
cxd5 exd5 5. Bf4 c6 6. e3 Bf5 7. Nge2 Nf6 8. Ng3 Bg6 9. h4 h5 10. Be2 Nbd7 11. Bg5 Qb6 12. Qd2 Bd6 13. O-O Bxg3 14.
fxg3 O-O 15. Rf3 Rae8 16. Raf1 Ng4 17. Bf4 Re6 18. Nd1 Be4 19. Bd3 Bxf3 20. gxf3 Ngf6 21.
Bf5 Rfe8 22. Bxe6 Rxe6 23. Nc3 Qa5 24. Rd1 Nb6 25. b3 Qa3 26. Re1 a5 27. e4 dxe4 28. fxe4 Ng4 29. d5 cxd5 30. exd5 Rxe1+ 31. Qxe1 Qb2 32. Qd2 Qa1+ 33. Kg2 a4 34. Nxa4 Nd7 35. Nc3 1-0

[Event "Early-Titled-Tuesday-Blitz-October-03-2023"]
[Site "Chess.com"]
[Date "2023.10.03"]
[Round "6"]
[White "Russian_berezka"]
[Black "scarabee43"]
[Result "0-1"]
[WhiteElo "2619"]
[BlackElo "2788"]
[TimeControl "180+1"]
[EndTime "9:05:26 PDT"]
[Termination "scarabee43 won by resignation"]

1. d4 Nf6 2. c4 e6 3. Nc3 d5 4. cxd5 exd5 5. Bg5 Be7 6. e3 c6 7. Bd3 O-O 8. Qc2 h6 9. Bh4 Nh5 10. Bxe7 Qxe7 11. O-O-O a5 12. Nf3 Na6 13. a3 b5 14.
Ne2 b4 15. a4 c5 16. Bb5 Bg4 17. Ne5 Rfc8 18. Bc6 cxd4 19. exd4 Bxe2 20. Qxe2 Rxc6+ 21. Kb1 Nf6 22. Qb5 Rcc8 23. Qxa5 Qe6 24. f3 Qf5+ 25. Rd3 Nd7 26. g4 Qh7 27. Qb5 Nxe5 28. dxe5 Nc5 29. Rd1 Nxd3 30. Rxd3 Rxa4 31. Qxd5 Qg6 32. h4 Qa6 0-1

[Event "Early-Titled-Tuesday-Blitz-October-03-2023"]
[Site "Chess.com"]
[Date "2023.10.03"]
[Round "6"]
[White "wild3000"]
[Black "borocotoajua"]
[Result "1-0"]
[WhiteElo "2434"]
[BlackElo "2599"]
[TimeControl "180+1"]
[EndTime "9:05:28 PDT"]
[Termination "wild3000 won by resignation"]

1. d4 Nf6 2. Nf3 g6 3. e3 Bg7 4. Be2 O-O 5. O-O d6 6. c4 c5 7. Nc3 Nc6 8. b3 d5 9. dxc5 Ne4 10. Nxe4 dxe4 11. Nd4 Nxd4 12. exd4 Bxd4 13. Bh6 Re8 14. Rb1 Bxc5 15. b4 Bd4 16. c5 Bf5 17. Bb5 e3 18. fxe3 Bxb1 19. Bxe8 Bf6 20. Bxf7+ Kxf7 21. Qb3+ e6 22. Qxb1 Qd5 23. Qb2 e5 24. Qf2 Qe6 25. Bg5 Kg8 26. Qxf6 1-0

[Event "Early-Titled-Tuesday-Blitz-October-03-2023"]
[Site "Chess.com"]
[Date "2023.10.03"]
[Round "6"]
[White "Martial2008"]
[Black "JiaHaoxiang"]
[Result "1-0"]
[WhiteElo "2609"]
[BlackElo "2610"]
[TimeControl "180+1"]
[EndTime "9:05:29 PDT"]
[Termination "Martial2008 won by resignation"]

1. d4 Nf6 2. Nf3 g6 3. Bg5 Bg7 4. Nbd2 d6 5. e4 c5 6. dxc5 dxc5 7.
e5 Ng4 8. Bb5+ Nc6 9. Qe2 O-O 10. Bxc6 bxc6 11. h3 Nh6 12. O-O-O Qa5 13. Kb1 Nf5 14. c3 Rb8 15. Nb3 Rxb3 16. axb3 Be6 17. Qc2 Rb8 18.
Nd2 Bxe5 19. g4 Nd6 20. Bxe7 Nb5 21. Kc1 Bf4 22. Bxc5 Nd4 23. Bxd4 Bxb3 24. Qb1 Ba2 25. Qa1 Qd5 26. Rhe1 Bb3 27. Qxa7 Rd8 28. Qe7 Bxd1 29. Qe8+ 1-0

[Event "Early-Titled-Tuesday-Blitz-October-03-2023"]
[Site "Chess.com"]
[Date "2023.10.03"]
[Round "6"]
[White "Alenzer"]
[Black "microbear"]
[Result "0-1"]
[WhiteElo "2083"]
[BlackElo "2194"]
[TimeControl "180+1"]
[EndTime "9:05:31 PDT"]
[Termination "microbear won by resignation"]

1. e4 c5 2. Nf3 d6 3. d4 Nf6 4.
dxc5 Nc6 5. cxd6 Nxe4 6. Bd3 Nxd6 7. O-O g6 8. Nc3 Bg7 9. Bd2 O-O 10. Re1 e5 11. Ne4 Nxe4 12. Bxe4 Be6 13. Bg5 f6 14. Be3 Qxd1 15. Raxd1 f5 16. Bxc6 bxc6 17. Bc5 Rfe8 18. Nxe5 Bxa2 19. Nxc6 Bxb2 20. Bd4 Bxd4 21. Nxd4 Rxe1+ 22. Rxe1 Rd8 23. c3 Bc4 24. Re7 a6 25. h4 Ra8 26. Rc7 Bd5 27. Rc5 Bf7 28. Ra5 Bc4 29. Kh2 Rc8 30. Kg3 Bd3 31. Ra3 Ra8 32. Kf4 a5 33.
Ke5 a4 34. Nc6 Bb5 35. Ne7+ Kf7 36. Nd5 Re8+ 37. Kd4 Re2 38. c4 Be8 39. Rxa4 Bxa4 40. Nc3 Rxf2 41. Nxa4 Rxg2 42. c5 Rg4+ 43. Kd5 Rxa4 0-1

[Event "Early-Titled-Tuesday-Blitz-October-03-2023"]
[Site "Chess.com"]
[Date "2023.10.03"]
[Round "6"]
[White "Triumphmate"]
[Black "goldihouse"]
[Result "1-0"]
[WhiteElo "2487"]
[BlackElo "2594"]
[TimeControl "180+1"]
[EndTime "9:05:34 PDT"]
[Termination "Triumphmate won on time"]

1. e4 e6 2. d4 d5 3. exd5 exd5 4.
Bd3 c5 5. c3 Nf6 6. Nf3 Nc6 7.
O-O cxd4 8. cxd4 Be7 9. Nc3 O-O 10. h3 Be6 11. Be3 Rc8 12. Ne5 a6 13. f4 Qb6 14.
Qd2 Rfd8 15. Kh2 Bd6 16. Rae1 Bb8 17. g4 Qc7 18. Qf2 b5 19. Qh4 Qe7 20. g5 Ne4 21.
Nxc6 Rxc6 22. Nxe4 dxe4 23. Bxe4 g6 24. Bxc6 Bxa2 25.
Bg2 Bc4 26. Rf2 Rxd4 27. Kg1 Rd8 28. f5 Qd6 29. Bf4 Qb6 30. Bxb8 Rxb8 31. f6 Rd8 32. Qh6 1-0

[Event "Early-Titled-Tuesday-Blitz-October-03-2023"]
[Site "Chess.com"]
[Date "2023.10.03"]
[Round "6"]
[White "Caroexpert"]
[Black "Kildepiotr"]
[Result "1-0"]
[WhiteElo "2509"]
[BlackElo "2630"]
[TimeControl "180+1"]
[EndTime "9:05:35 PDT"]
[Termination "Caroexpert won by resignation"]

1. d4 c5 2. d5 e5 3. c4 d6 4. Nc3 Be7 5. Nf3 a6 6. e4 Bg4 7. Be2 Bxf3 8. Bxf3 Bg5 9. O-O Bxc1 10. Qxc1 Ne7 11. Be2 O-O 12. Qe3 Nd7 13. g3 f5 14. f4 exf4 15. gxf4 fxe4 16. Nxe4 Nf5 17. Qd3 h6 18. Bg4 Qh4 19. Bxf5 Rxf5 20. Qg3 Qe7 21. Rae1 Qf8 22. Qg6 Re8 23. Nf6+ Nxf6 24. Qxf5 Kh8 25. Qg6 b5 26. b3 bxc4 27. bxc4 Rb8 28.
Re6 Rb4 29. Rfe1 Rb8 30. Re7 Ng8 31. Rf7 1-0

[Event "Early-Titled-Tuesday-Blitz-October-03-2023"]
[Site "Chess.com"]
[Date "2023.10.03"]
[Round "6"]
[White "ozates"]
[Black "slorovel"]
[Result "0-1"]
[WhiteElo "2617"]
[BlackElo "2493"]
[TimeControl "180+1"]
[EndTime "9:05:40 PDT"]
[Termination "slorovel won by resignation"]

1. c4 e5 2. g3 Nf6 3. Bg2 Bc5 4.
Nc3 O-O 5. e4 d6 6. Nge2 a6 7.
O-O Nc6 8. h3 Be6 9. d3 Nd4 10.
Kh2 b5 11. b3 b4 12. Nd5 c6 13. Nxf6+ Qxf6 14. Be3 Nxe2 15. Qxe2 a5 16. f4 Bxe3 17. Qxe3 a4 18. f5 Bd7 19. g4 h6 20. Kg3 d5 21.
h4 dxe4 22. Bxe4 Qd6 23. g5 Qd4 24. Qxd4 exd4 25. gxh6 gxh6 26. Kg4 f6 27. Rg1 Kf7 28. Kf4 Rg8 29. Rg6 axb3 30. Rxh6 bxa2 31. Bf3 b3 32.
Re1 Rge8 33. Bh5+ Kg7 34. Rg6+ Kh7 35. Reg1 Re7 36. Rxf6 a1=Q 37. Rxa1 Rxa1 38. Kg5 Rg1+ 39.
Bg4 Rg7+ 40. Kh5 Be8+ 0-1

[Event "Early-Titled-Tuesday-Blitz-October-03-2023"]
[Site "Chess.com"]
[Date "2023.10.03"]
[Round "6"]
[White "stratacticos"]
[Black "LuisFSiles"]
[Result "0-1"]
[WhiteElo "1756"]
[BlackElo "2269"]
[TimeControl "180+1"]
[EndTime "9:05:40 PDT"]
[Termination "LuisFSiles won by checkmate"]

1. e4 c5 2. Nf3 Nc6 3. Nc3 g6 4. d3 Bg7 5. Bd2 Nf6 6. h3 d6 7. Be2 O-O 8. O-O Rb8 9. a4 a6 10. Qc1 b5 11. axb5 axb5 12. Bh6 b4 13. Bxg7 Kxg7 14.
Nd5 e6 15. Ne3 Bb7 16. Nh2 Nd4 17. Bd1 e5 18. Neg4 Ng8 19. c3 bxc3 20. bxc3 Ne6 21. Bf3 Nf4 22. Qe3 h5 23. d4 cxd4 24. cxd4 hxg4 25.
Nxg4 Bc8 26. Nh2 Qg5 27. dxe5 dxe5 28. Bg4 Bxg4 29. Nxg4 Nf6 30. Nxf6 Qxg2# 0-1

[Event "Early-Titled-Tuesday-Blitz-October-03-2023"]
[Site "Chess.com"]
[Date "2023.10.03"]
[Round "6"]
[White "Grischuk"]
[Black "GaiozNigalidze"]
[Result "1-0"]
[WhiteElo "3003"]
[BlackElo "2755"]
[TimeControl "180+1"]
[EndTime "9:05:44 PDT"]
[Termination "Grischuk won by checkmate"]

1. d4 d5 2. Nf3 Nf6 3. Bg5 e6 4.
Nbd2 Be7 5. e3 b6 6. c3 Bb7 7. Ne5 a6 8. f4 Nfd7 9. Bxe7 Qxe7 10. Qh5 Nc6 11. Nxd7 Qxd7 12. Bd3 O-O-O 13. Qe2 Nb8 14.
O-O g6 15. b4 Rde8 16. a4 h5 17.
c4 Kd8 18. a5 bxa5 19. bxa5 Ke7 20. Qf2 Kf8 21. Nf3 Nc6 22. cxd5 exd5 23. f5 g5 24. Nxg5 Qe7 25. Ne6+ fxe6 26. fxe6+ Kg7 27. Qg3+ Kh6 28. Qg6# 1-0

[Event "Early-Titled-Tuesday-Blitz-October-03-2023"]
[Site "Chess.com"]
[Date "2023.10.03"]
[Round "6"]
[White "Itk04"]
[Black "hypert"]
[Result "1-0"]
[WhiteElo "2740"]
[BlackElo "2548"]
[TimeControl "180+1"]
[EndTime "9:05:44 PDT"]
[Termination "Itk04 won by resignation"]

1. d4 d6 2. b3 e5 3. dxe5 dxe5 4. Qxd8+ Kxd8 5. Bb2 f6 6. Nd2 Be6 7. g3 c6 8. f4 exf4 9. gxf4 Nd7 10. O-O-O a5 11. e3 Bc5 12. Bh3 Bxh3 13. Nxh3 Bxe3 14. Rhe1 Bxd2+ 15. Rxd2 Kc7 16. Bc3 b6 17. f5 Rd8 18.
Nf4 Kc8 19. Rd6 Nb8 20. Rxd8+ Kxd8 21. Ne6+ Kc8 22. Nxg7 Nh6 23. Bxf6 Rg8 24. Bc3 Nd7 25. Re6 Ng4 26. Rxc6+ Kb7 27. Rd6 Nc5 28. Ne6 Ne4 29. Rd7+ Kc6 30. Rc7+ Kd6 31. Bd4 Re8 32. Bxb6 Ne3 33.
Bxe3 Rxe6 34. Bf4+ Re5 35. Bxe5+ Kxe5 36. Rxh7 Kxf5 37. Rh5+ 1-0

[Event "Early-Titled-Tuesday-Blitz-October-03-2023"]
[Site "Chess.com"]
[Date "2023.10.03"]
[Round "6"]
[White "Doomfist26"]
[Black "LionTheLeon_06"]
[Result "1-0"]
[WhiteElo "2595"]
[BlackElo "2782"]
[TimeControl "180+1"]
[EndTime "9:05:48 PDT"]
[Termination "Doomfist26 won by checkmate"]

1. e4 c6 2. Nc3 d5 3. Qf3 dxe4 4.
Nxe4 Nd7 5. d4 Ngf6 6. Bc4 e6 7. Ne2 Nxe4 8. Qxe4 Nf6 9. Qh4 Be7 10. Bd2 O-O 11.
O-O-O c5 12. dxc5 Qc7 13. Bd3 Qxc5 14. g4 g6 15. g5 Nd5 16. Ng3 Nb4 17. Bxb4 Qxb4 18. Ne4 h5 19. a3 Qb6 20. Rhg1 Bd7 21. Nf6+ Bxf6 22. gxf6 Qc5 23. Bxg6 fxg6 24. Rxg6+ Kh8 25.
Rh6+ Kg8 26. Qg3+ Kf7 27. Qg7+ Ke8 28. Qxd7# 1-0

[Event "Early-Titled-Tuesday-Blitz-October-03-2023"]
[Site "Chess.com"]
[Date "2023.10.03"]
[Round "6"]
[White "viktorskliarov"]
[Black "Mr_ruthless"]
[Result "1-0"]
[WhiteElo "2653"]
[BlackElo "2495"]
[TimeControl "180+1"]
[EndTime "9:05:49 PDT"]
[Termination "viktorskliarov won by resignation"]

1. e4 e5 2. Nc3 Nf6 3. Bc4 Nxe4 4.
Qh5 Nd6 5. Bb3 g6 6. Qf3 Bg7 7. Nb5 O-O 8. Nxd6 cxd6 9. Ne2 Nc6 10. h4 Qf6 11. Qh3 h5 12. d3 Nd4 13. Bg5 Qf5 14.
Nxd4 exd4 15. Qxf5 gxf5 16. Bd5 Be5 17. O-O-O f4 18.
g3 fxg3 19. fxg3 Kg7 20. Rhg1 f5 21. Rde1 Rb8 22. Be7 Rh8 23. Rxe5 dxe5 24. Bd6 Ra8 25. Bxe5+ Kh7 26. Bxh8 Kxh8 27. Re1 d6 28. Re8+ Kg7 29.
Be6 1-0

[Event "Early-Titled-Tuesday-Blitz-October-03-2023"]
[Site "Chess.com"]
[Date "2023.10.03"]
[Round "6"]
[White "MokshAD1603"]
[Black "fabianvivasz"]
[Result "0-1"]
[WhiteElo "2601"]
[BlackElo "2466"]
[TimeControl "180+1"]
[EndTime "9:05:55 PDT"]
[Termination "fabianvivasz won by checkmate"]

1. e4 c5 2. Nf3 d6 3. d4 cxd4 4. Nxd4 Nf6 5. Nc3 g6 6. Be3 Bg7 7. f3 O-O 8. Qd2 Nc6 9. O-O-O d5 10. Qe1 e5 11. Nxc6 bxc6 12. exd5 Nxd5 13. Bc4 Be6 14. Ne4 Qc7 15. Bc5 Rfd8 16. Kb1 Nf4 17. Bxe6 Nxe6 18. Bd6 Qb6 19. Qc3 Nd4 20. Rhe1 h6 21. Bc5 Qa6 22.
Bxd4 exd4 23. Qd3 Qb6 24. Nd2 Rab8 25. Nc4 Qc5 26. Re2 Rb4 27. Nd2 a5 28. Rde1 a4 29.
Re8+ Rxe8 30. Rxe8+ Kh7 31. a3 Rb7 32. Qc4 Qb6 33. b4 axb3 34. Nxb3 d3 35. Qxd3 Qg1+ 36. Ka2 Qa1+ 37. Nxa1 Rb2# 0-1

[Event "Early-Titled-Tuesday-Blitz-October-03-2023"]
[Site "Chess.com"]
[Date "2023.10.03"]
[Round "6"]
[White "szachuspl"]
[Black "Mops_2004"]
[Result "1-0"]
[WhiteElo "2545"]
[BlackElo "2792"]
[TimeControl "180+1"]
[EndTime "9:05:57 PDT"]
[Termination "szachuspl won by resignation"]

1. d4 g6 2. c4 Bg7 3. Nc3 d6 4. e4 e5 5. d5 a5 6. Be2 Na6 7. Be3 Bh6 8. Bxh6 Nxh6 9. Qd2 Ng8 10. Nf3 Nf6 11. O-O-O Bd7 12. Kb1 Qe7 13. Ne1 Nc5 14. f3 h5 15. Nd3 Nxd3 16. Bxd3 h4 17. Bc2 Nh5 18. Ba4 Bxa4 19. Nxa4 b6 20. Nc3 O-O-O 21. Nb5 Kb7 22. Rc1 f5 23. Rhe1 Qf7 24. a3 a4 25. Ka2 Nf6 26. Nc3 Ra8 27. Qc2 Qd7 28. Nb5 fxe4 29. fxe4 Rhf8 30. Rf1 Nh5 31. Rxf8 Rxf8 32.
Qxa4 Ra8 33. Qb3 Nf4 34. c5 dxc5 35. Rxc5 Rc8 36. Rc6 Nxg2 37. Nd6+ Qxd6 38. Rxd6 cxd6 39. Qh3 Rc2 40. Qd7+ Ka8 41. Qa4+ 1-0

[Event "Early-Titled-Tuesday-Blitz-October-03-2023"]
[Site "Chess.com"]
[Date "2023.10.03"]
[Round "6"]
[White "Marcin"]
[Black "AniJak"]
[Result "1-0"]
[WhiteElo "2505"]
[BlackElo "2371"]
[TimeControl "180+1"]
[EndTime "9:05:57 PDT"]
[Termination "Marcin won by resignation"]

1. Nf3 f5 2. b3 d6 3. Bb2 e5 4. d4 e4 5. Nfd2 Nf6 6. e3 g6 7.
c4 Bg7 8. d5 O-O 9. Be2 c6 10.
dxc6 bxc6 11. O-O Be6 12. Nc3 Nbd7 13. Qc2 Ne5 14. Rad1 Qc7 15. f3 exf3 16. Nxf3 Nxf3+ 17. Bxf3 Rae8 18. e4 f4 19. e5 dxe5 20. Ne4 Bf5 21. Ba3 Nxe4 22. Bxe4 Rf7 23. Bd6 Qc8 24. c5 g5 25. Rfe1 Bxe4 26. Qxe4 g4 27. Rd3 Bf8 28. Bxf8 Rfxf8 29. Rd6 f3 30. Rf1 fxg2 31. Rxf8+ Rxf8 32. Kxg2 Qe8 33. Qxc6 Qf7 34. Qd5 Rc8 35. b4 a5 36. a3 axb4 37. axb4 Kg7 38. Qxf7+ Kxf7 39. Rb6 h5 40. c6 Ke7 41. b5 Ke6 42. Rb7 e4 43. c7 e3 44. b6 Rf8 45. Rb8 e2 46. Rxf8 e1=Q 47. Re8+ 1-0

[Event "Early-Titled-Tuesday-Blitz-October-03-2023"]
[Site "Chess.com"]
[Date "2023.10.03"]
[Round "6"]
[White "Indianlad"]
[Black "sofaceindisguise"]
[Result "1/2-1/2"]
[WhiteElo "3021"]
[BlackElo "2788"]
[TimeControl "180+1"]
[EndTime "9:05:59 PDT"]
[Termination "Game drawn by repetition"]

1. Nc3 c5 2. d4 cxd4 3. Qxd4 Nc6 4. Qh4 d5 5. Nf3 d4 6. Ne4 Nf6 7. Bg5 Qa5+ 8. Bd2 Qb6 9. O-O-O Bf5 10. Nxf6+ exf6 11. e4 Be6 12. a3 Rc8 13. Bd3 Be7 14. Qg3 O-O 15. Bh6 g6 16. h4 Na5 17. Bxf8 Bxf8 18.
h5 Nb3+ 19. Kb1 Bxa3 20. bxa3 Nd2+ 21. Kc1 Nb3+ 22. Kb1 Rc3 23. Qb8+ Rc8 24. Qf4 Nd2+ 25. Kc1 Nb3+ 26. Kb1 Nd2+ 27. Kc1 Nb3+ 28. Kb2 g5 29. Nxg5 Nd2+ 30. Kc1 Nb3+ 31. Kb2 Nd2+ 32. Kc1 Nb3+ 33. Kb1 Nd2+ 34. Kc1 1/2-1/2

[Event "Early-Titled-Tuesday-Blitz-October-03-2023"]
[Site "Chess.com"]
[Date "2023.10.03"]
[Round "6"]
[White "NelsonLinda"]
[Black "Abund"]
[Result "0-1"]
[WhiteElo "2587"]
[BlackElo "2778"]
[TimeControl "180+1"]
[EndTime "9:06:04 PDT"]
[Termination "Abund won by resignation"]

1. b3 e5 2. Bb2 d6 3. g3 g6 4.
Bg2 Bg7 5. d3 f5 6. Nd2 Nf6 7.
e4 O-O 8. Qe2 Nc6 9. O-O-O a5 10. exf5 Bxf5 11. a4 Nb4 12. h3 c6 13. g4 Bd7 14.
Nc4 Qc7 15. Qe3 Nfd5 16. Qd2 Nf4 17. Bf3 b5 18. axb5 cxb5 19. Bxa8 Rxa8 20. Kb1 bxc4 21.
dxc4 Ra6 22. Ne2 Nxe2 23. Qxe2 a4 24. f4 axb3 25. cxb3 Qa5 26. Bc3 Bc6 27. Rhe1 Bf3 28. Qd2 Bxd1 29. Rxd1 Qa2+ 30. Qxa2 Nxa2 31. Be1 exf4 32.
Rd5 Nc3+ 33. Kc2 Nxd5 0-1

[Event "Early-Titled-Tuesday-Blitz-October-03-2023"]
[Site "Chess.com"]
[Date "2023.10.03"]
[Round "6"]
[White "tetrix83"]
[Black "Antik5"]
[Result "1-0"]
[WhiteElo "2615"]
[BlackElo "2497"]
[TimeControl "180+1"]
[EndTime "9:06:10 PDT"]
[Termination "tetrix83 won by checkmate"]

1. e4 c5 2. Nf3 d6 3. Bb5+ Nd7 4. O-O Nf6 5. Re1 a6 6. Bd3 b5 7. c3 Bb7 8. Bc2 c4 9. b3 Qc7 10. bxc4 bxc4 11. Na3 e5 12. Rb1 Be7 13. Nxc4 O-O 14.
Ne3 Nxe4 15. Nf5 Ndf6 16. Rxb7 Qxb7 17. Nxe7+ Kh8 18. Nf5 Rab8 19. Qe2 g6 20. Nh6 Kg7 21.
d4 Nxc3 22. Qe3 Ncd5 23. Qg5 e4 24. Bxe4 Nxe4 25. Rxe4 Rfc8 26. Re1 Qc6 27. Nf5+ Kh8 28. Qh6 gxf5 29. Ng5 Nf6 30. Qxf6+ Kg8 31. Qxf7+ Kh8 32.
Qxh7# 1-0

[Event "Early-Titled-Tuesday-Blitz-October-03-2023"]
[Site "Chess.com"]
[Date "2023.10.03"]
[Round "6"]
[White "Likvidator228"]
[Black "gtnamfrq"]
[Result "1-0"]
[WhiteElo "2565"]
[BlackElo "2421"]
[TimeControl "180+1"]
[EndTime "9:06:12 PDT"]
[Termination "Likvidator228 won by resignation"]

1. d4 Nf6 2. c4 e6 3. Nc3 Bb4 4. e3 O-O 5. Ne2 b6 6. a3 Bxc3+ 7. Nxc3 Bb7 8. f3 d6 9. e4 Nbd7 10. Be2 Qe7 11. O-O e5 12. d5 a5 13. Be3 Nh5 14. b4 f5 15. exf5 Nf4 16. g4 Qh4 17.
Kh1 Rf6 18. Qd2 Nh3 19. Ne4 Rff8 20. Bd3 b5 21. bxa5 bxc4 22. Bxc4 h5 23. Rab1 Rfb8 24. a6 Bxa6 25. Rxb8+ Nxb8 26. Bxa6 Nxa6 27. Qe1 Qe7 28. Kg2 Nf4+ 29. Bxf4 exf4 30. Qc3 hxg4 31.
fxg4 Qxe4+ 32. Rf3 Qxd5 33. f6 gxf6 34. Qxf6 Qf7 35. Qg5+ Qg7 36. Qd5+ Kh8 37. Qxa8+ 1-0

[Event "Early-Titled-Tuesday-Blitz-October-03-2023"]
[Site "Chess.com"]
[Date "2023.10.03"]
[Round "6"]
[White "InitiatingASC"]
[Black "venturov"]
[Result "0-1"]
[WhiteElo "2337"]
[BlackElo "2491"]
[TimeControl "180+1"]
[EndTime "9:06:12 PDT"]
[Termination "venturov won on time"]

1. Nf3 Nf6 2. b3 e6 3. Bb2 b6 4.
e3 Bb7 5. c4 c5 6. Be2 Be7 7.
O-O O-O 8. d3 d6 9. Nbd2 Nbd7 10.
Qc2 Qc7 11. Rac1 a6 12. a3 Rac8 13. Qc3 Rfd8 14. Rfe1 Bf8 15. Bd1 Qb8 16. Bc2 Qa8 17. d4 Ne4 18. Nxe4 Bxe4 19. Bxe4 Qxe4 20. Rcd1 Be7 21. Qd3 Qb7 22. Rd2 b5 23. Red1 Bf8 24.
h3 h6 25. d5 e5 26. e4 Be7 27. Bc3 Rf8 28. g4 Rb8 29. Rb2 Qc7 30. Rdb1 Nf6 31. Nd2 Nh7 32. Nf1 Ng5 33. Bd2 Nh7 34.
Ne3 Bg5 35. Nf5 g6 36. Bxg5 Nxg5 37. Nxh6+ Kg7 38. Qe3 f6 39. h4 Nxe4 40. Qxe4 Kxh6 41. f4 Kg7 0-1

[Event "Early-Titled-Tuesday-Blitz-October-03-2023"]
[Site "Chess.com"]
[Date "2023.10.03"]
[Round "6"]
[White "lluiss"]
[Black "viktorgen2021"]
[Result "0-1"]
[WhiteElo "2215"]
[BlackElo "2430"]
[TimeControl "180+1"]
[EndTime "9:06:12 PDT"]
[Termination "viktorgen2021 won on time"]

1. e4 c6 2. d4 d5 3. exd5 cxd5 4. Bd3 Nc6 5. c3 Qc7 6. h3 e5 7. dxe5 Nxe5 8. Nf3 Nxd3+ 9. Qxd3 Nf6 10. O-O Be7 11. Be3 O-O 12. Nbd2 g6 13. Nd4 Re8 14. Rfe1 Bd7 15. Re2 a6 16. Rae1 Bd6 17. Bg5 Nh5 18. Qf3 f6 19. Rxe8+ Bxe8 20. Bxf6 Bf7 21. Ne6 Qd7 22. Ng5 Rf8 23. Be5 Bc5 24. Bd4 Bd6 25. Be5 Bc5 26. Nb3 Be7 27. Nxf7 Rxf7 28. Qe3 Bh4 29. Bg3 Be7 30. Nd4 Nf6 31. Ne6 Ne4 32. Nd4 Bg5 33. Qd3 h5 34. Nf3 Bf6 0-1

[Event "Early-Titled-Tuesday-Blitz-October-03-2023"]
[Site "Chess.com"]
[Date "2023.10.03"]
[Round "6"]
[White "Kyrie-Eleven"]
[Black "Yushko_Olga"]
[Result "0-1"]
[WhiteElo "2285"]
[BlackElo "2092"]
[TimeControl "180+1"]
[EndTime "9:06:13 PDT"]
[Termination "Yushko_Olga won by checkmate"]

1. d4 e6 2. c4 f5 3. g3 Nf6 4. Bg2 Be7 5. Nh3 O-O 6. O-O d6 7. Nc3 Qe8 8. d5 e5 9. Nb5 Na6 10. f4 Bd7 11. fxe5 dxe5 12. Kh1 Bxb5 13. cxb5 Qxb5 14. Rxf5 Rad8 15. Bg5 e4 16. Bxf6 Bxf6 17. Bxe4 Qxb2 18. Rb1 Qxa2 19. d6 Kh8 20. Rh5 Rxd6 21.
Rxh7+ Kg8 22. Qb3+ Qxb3 23. Rxb3 Nc5 24. Ra3 Nxe4 25.
Rh5 g5 26. Kg2 Kg7 27. g4 Rd2 28. Re3 Rd4 29. Kf3 Be5+ 30. Kg2 Bf4 31. Nxf4 Rxf4 32. h3 Rf2+ 33. Kg1 Rd1# 0-1